Map: Invader LE

Players

Raguel

  • Race: Zerg Zerg
  • League: Diamond

CrAzYbObO - Winner!

  • Race: Zerg Zerg
  • League: Platinum

VOD

Have the link to the VOD?

Description

Time

  • Played on: May 14, 2016, 12:33 p.m.
  • Length: 16:25
Show
View Real Time Build Order
Export as new Build Order

Raguel Zerg 

Build Orders: Hatch First, Lurkers 

Get SALT Encoding   

  12  0:01  Drone  
  13  0:09  Drone  
  14  0:17  Overlord  
  14  0:35  Drone  
  14  0:36  Drone x2  
  17  0:56  Drone  
  17  0:57  Hatchery  
  17  1:10  Spawning Pool  
  16  1:15  Drone  
  17  1:18  Extractor  
  17  1:20  Drone  
  17  1:21  Drone  
  18  1:37  Drone  
  19  1:58  Queen  
  19  1:59  Overlord  
  21  2:01  Drone  
  22  2:08  Queen  
  22  2:11  Zergling x2  
  22  2:12  Zergling x2  
  26  2:24  Drone x3  
  26  2:29  Metabolic Boost  
  29  2:39  Drone x2  
  29  2:42  Drone  
  32  2:55  Baneling Nest, Drone  
  32  2:56  Drone x2  
  34  3:08  Drone x2  
  34  3:09  Overlord x2  
  36  3:27  Queen  
  36  3:33  Zergling x8  
  36  3:34  Zergling x2  
  43  3:37  Hatchery  
  43  3:38  Baneling  
  43  3:39  Baneling  
  43  3:40  Baneling  
  43  3:41  Baneling  
  42  3:58  Drone x3  
  42  3:59  Drone x5  
  50  4:15  Zergling x2  
  50  4:16  Zergling x4  
  46  4:53  Zergling x10  
  46  4:54  Lair  
  46  4:56  Extractor  
  46  4:58  Extractor  
  48  5:00  Baneling  
  48  5:01  Baneling x3, Extractor  
  48  5:06  Overlord x2  
  48  5:07  Overlord x2  
  47  5:22  Drone x4  
  48  5:41  Zergling x16  
  48  6:04  Spire  
  41  6:16  Queen  
  43  6:21  Drone x5  
  43  6:22  Drone x4  
  52  6:27  Baneling, Hatchery  
  52  6:28  Baneling  
  52  6:31  Drone x2  
  53  6:47  Drone  
  53  6:48  Drone x2  
  54  7:03  Drone  
  54  7:04  Drone x2  
  57  7:18  Mutalisk x4  
  57  7:19  Mutalisk  
  65  7:31  Spine Crawler  
  65  7:32  Spine Crawler x4, Mutalisk x2  
  65  7:33  Spine Crawler  
  65  7:36  Spine Crawler  
  62  7:39  Mutalisk  
  64  7:55  Mutalisk x2  
  67  8:20  Drone x10  
  76  8:32  Hydralisk Den  
  75  8:45  Evolution Chamber  
  74  8:54  Extractor  
  74  8:55  Queen  
  75  8:56  Drone x7, Extractor  
  81  9:05  Lurker Den  
  81  9:25  Overlord  
  81  9:26  Zerg Missile Weapons Level 1  
  81  9:28  Hydralisk x4  
  81  9:30  Overlord x6  
  89  9:47  Roach Warren  
  89  9:49  Hydralisk x9  
  106  9:55  Hydralisk  
  108  10:11  Hydralisk x3  
  114  10:21  Hydralisk  
  114  10:22  Hydralisk x3  
  122  10:33  Lurker  
  115  10:44  Lurker x2  
  89  11:11  Roach  
  87  11:13  Zergling x18  
  94  11:26  Zerg Missile Weapons Level 2  
  90  11:36  Drone  
  90  11:37  Hatchery, Drone x3  
  93  11:41  Hatchery  
  92  11:50  Lurker x5  
  94  12:10  Overlord x4  
  88  12:28  Roach x3  
  96  12:30  Roach x6  
  106  12:57  Queen  
  108  13:00  Roach x7  
  108  13:01  Roach x3  
  108  13:03  Overseer  
  128  13:11  Lurker  
  129  13:21  Zergling x2  
  129  13:23  Overlord x6  
  130  13:35  Pneumatized Carapace  
  128  13:44  Glial Reconstitution  
  130  13:48  Roach x6  
  130  13:49  Roach x3  
  138  14:00  Hydralisk  
  138  14:01  Hydralisk x8  
  133  14:22  Hydralisk  
  133  14:23  Hydralisk x5  
  103  14:35  Hydralisk x7  
  108  14:45  Hydralisk x2  
  107  15:00  Lurker x2  
  107  15:01  Roach  
  111  15:18  Zergling x2  
  111  15:19  Zergling x18  
  117  15:24  Hatchery  
  72  15:49  Roach x7  
  83  15:56  Spire  
  82  16:03  Roach x8  
Show
View Real Time Build Order
Export as new Build Order

CrAzYbObO Zerg - Winner!

Build Orders: Hatch First 

Get SALT Encoding   

  12  0:01  Drone  
  13  0:08  Drone  
  14  0:17  Overlord  
  14  0:35  Drone x3  
  17  0:48  Drone  
  18  0:57  Hatchery  
  18  1:01  Drone  
  18  1:11  Extractor  
  18  1:15  Spawning Pool  
  18  1:18  Drone  
  17  1:22  Drone  
  18  1:35  Drone  
  19  1:44  Drone  
  20  1:57  Overlord  
  20  2:02  Queen  
  22  2:11  Queen  
  24  2:19  Hatchery  
  23  2:25  Metabolic Boost  
  23  2:31  Drone x2  
  25  2:40  Zergling x4  
  27  2:47  Overlord  
  27  2:48  Drone  
  28  3:01  Zergling x2  
  28  3:02  Drone, Overlord  
  31  3:12  Drone  
  31  3:13  Drone x2  
  31  3:14  Drone x2  
  31  3:16  Drone  
  36  3:25  Drone  
  37  3:32  Zergling x2  
  37  3:33  Zergling x10  
  43  3:35  Queen  
  45  3:44  Drone x2  
  47  3:56  Drone x3  
  47  4:01  Drone  
  51  4:04  Extractor  
  50  4:10  Roach Warren  
  50  4:11  Drone x3, Extractor  
  51  4:19  Spine Crawler  
  51  4:21  Zergling x4  
  51  4:22  Zergling x12  
  58  4:25  Spine Crawler  
  54  4:39  Zergling x4  
  54  4:40  Zergling x2  
  48  4:55  Drone x2  
  48  4:56  Drone x4  
  48  4:59  Drone x3  
  57  5:04  Overlord x2  
  57  5:07  Lair  
  57  5:10  Overlord x2  
  57  5:17  Extractor  
  57  5:21  Zergling x2  
  57  5:22  Overlord x2  
  57  5:41  Roach x4  
  65  5:47  Roach x3  
  65  5:48  Roach  
  72  5:56  Roach x2  
  71  5:57  Roach x2  
  71  5:59  Queen  
  71  6:01  Spine Crawler  
  71  6:03  Spine Crawler  
  70  6:09  Glial Reconstitution  
  70  6:13  Roach  
  72  6:19  Drone x3  
  72  6:20  Drone x2  
  72  6:21  Drone  
  78  6:31  Drone, Roach x3  
  78  6:32  Drone  
  86  6:35  Queen  
  88  6:42  Drone  
  89  6:48  Drone x2  
  89  7:02  Evolution Chamber  
  89  7:05  Drone x2, Evolution Chamber  
  89  7:08  Drone  
  89  7:09  Roach x2  
  89  7:10  Roach  
  96  7:16  Drone  
  96  7:20  Drone, Roach x2  
  96  7:21  Drone x5  
  106  7:39  Zerg Missile Weapons Level 1  
  106  7:40  Zerg Ground Armor Level 1  
  106  7:45  Overlord x5  
  106  7:52  Overlord x3  
  102  8:23  Spore Crawler  
  102  8:24  Spore Crawler  
  102  8:25  Spore Crawler  
  93  8:27  Spore Crawler x2  
  93  8:29  Spore Crawler x2  
  93  8:31  Spore Crawler  
  93  8:32  Spore Crawler  
  93  8:33  Drone x2, Spore Crawler  
  70  8:35  Spore Crawler, Roach x5  
  77  8:45  Hydralisk Den  
  76  8:59  Hatchery  
  74  9:13  Hydralisk  
  74  9:14  Hydralisk x8  
  74  9:16  Muscular Augments  
  92  9:22  Hydralisk x3  
  92  9:23  Hydralisk x5  
  106  9:35  Zerg Missile Weapons Level 2  
  106  9:38  Zerg Ground Armor Level 2  
  106  9:42  Hydralisk x3  
  112  9:58  Hydralisk x2  
  112  9:59  Hydralisk x3  
  122  10:01  Drone  
  123  10:22  Infestation Pit  
  123  10:28  Lurker Den  
  122  10:31  Drone x2  
  122  10:33  Drone x2  
  122  10:34  Drone, Extractor  
  126  10:38  Extractor  
  125  10:49  Zergling x4  
  113  11:16  Hive  
  113  11:23  Hydralisk x2  
  117  11:27  Pneumatized Carapace  
  117  11:30  Hydralisk x2  
  117  11:31  Hydralisk x8  
  137  11:46  Hydralisk x2  
  139  11:48  Zergling x14  
  148  12:11  Overlord x2, Roach  
  148  12:12  Overlord x2  
  148  12:17  Drone x2  
  148  12:18  Drone  
  148  12:20  Drone  
  148  12:21  Drone x6  
  148  12:22  Queen  
  160  12:36  Ultralisk Cavern  
  159  12:40  Zerg Missile Weapons Level 3  
  159  12:50  Overseer x4  
  159  12:53  Zerg Ground Armor Level 3  
  159  12:55  Queen  
  161  12:59  Drone x2  
  161  13:01  Extractor  
  161  13:02  Extractor  
  161  13:12  Hatchery  
  158  13:17  Overlord x3  
  158  13:37  Spore Crawler  
  155  13:46  Queen  
  156  14:00  Chitinous Plating  
  156  14:02  Ultralisk x4  
  178  14:04  Hatchery  
  148  14:22  Ultralisk x2  
  96  14:50  Hydralisk x2  
  96  14:51  Hydralisk x8  
  116  14:57  Overlord  
  116  15:22  Overseer x3  
  116  15:23  Overseer  
  104  15:54  Drone x3  
  107  15:58  Drone x3  
Tags
 
Add a new tag
Caveats
  • Supply blocks, unpowered buildings, or Contaminate may cause inaccurate times.
  • Supply counts are checked every 10 seconds.